AoeStats
← Iguano Pop

Arabia

507213587Analyzed
1v1 RM · 15d ago on Sep 17, 2026· 44m 22s· 2 players
Game mode
Random Map
Map size
Tiny (2 player)
Population
200
Speed
Normal
Resources
Standard
Victory
Conquest
Starting age
Dark Age
Ending age
Imperial Age
RankedLock teamsTeams togetherTeam positionsShared explorationLock speedFull tech treeHidden civsTurbo modeCheats
Victory
Defeat
🇲🇽 Khmer · Mexico
1307
+14
🇦🇺 Maya · Australia
1267
-14
Dren
0:29 Loom
9:28 Feudal Age
10:23 Double-Bit Axe
14:20 Fletching
15:37 Padded Archer Armor
18:22 Horse Collar
20:09 Wheelbarrow
25:54 Castle Age
24:58 Gold Mining
26:42 Bodkin Arrow
26:30 Crossbowman
28:35 Bow Saw
31:17 Scale Mail Armor
32:12 Eagle Warrior
34:13 Forging
35:34 Chain Mail Armor
39:01 Stone Mining
38:40 Elite Skirmisher
40:27 Hand Cart
40:52 Squires
42:34 Iron Casting
Iguano Pop
7:10 Loom
9:31 Feudal Age
10:00 Town Watch
13:37 Wheelbarrow
14:49 Fletching
19:06 Double-Bit Axe
23:36 Castle Age
22:18 Gold Mining
23:38 Scale Barding Armor
23:38 Crossbowman
24:14 Bodkin Arrow
24:12 Light Cavalry
35:08 Padded Archer Armor
43:49 Imperial Age
41:38 Hand Cart
Connection lost

Rejoining the realm…

Still unreachable

The connection could not be restored.

Session expired

The server has moved on; the page needs a fresh start.